NCAA
ALABAMA CRIMSON TIDE @ PENN STATE NITTANY LIONS
05/20/2027
 
TOP OF THE 1ST
Alabama Crimson Tide batting - Pitching for Penn State Nittany Lions : RHP Jacob Nolan
Pitching: RHP Jacob Nolan
Batting: RHB William Robinson 0-0: Swinging Strike
0-1: Called Strike
0-2: TRIPLE (Line Drive, 89D)
Batting: RHB Kyle McIntyre 0-0: Called Strike
0-1: Swinging Strike
0-2: Ball
1-2: 2-RUN HOME RUN (Flyball, 89XD), Distance : 373 ft
Batting: SHB Jorge Dávila 0-0: Ball
1-0: SINGLE (Groundball, 4MD)
Batting: RHB Stephen Nava 0-0: Ball
1-0: Foul Ball, location: 2F
1-1: Ball
2-1: Ball
3-1: Base on Balls
Jorge Dávila to second
Batting: SHB Rubén Valle 0-0: Ball
1-0: Foul Ball, location: 2F
1-1: Ball
2-1: Ball
3-1: Foul Ball, location: 2F
3-2: Foul Ball, location: 2F
3-2: Base on Balls
Jorge Dávila to third
Stephen Nava to second
Batting: LHB Jorge Rivera 0-0: Ball
1-0: SINGLE (Line Drive, 56)
Jorge Dávila scores
Stephen Nava to third
Rubén Valle to second
Runner from 3rd tries for Home, SAFE, throw made home
Batting: RHB Scott Graves 0-0: Single, Error in OF, E8, batter to second base
Rubén Valle scores
Jorge Rivera to third
Batting: LHB Chris White 0-0: Ball
1-0: Ball
2-0: Called Strike
2-1: Ground out 4-3 (Groundball, 4)
Jorge Rivera scores
Scott Graves to third
Batting: LHB Tom York 0-0: Ball
1-0: Ball
2-0: Ball
3-0: Called Strike
3-1: Base on Balls
Batting: RHB William Robinson 0-0: Fielders Choice at 2nd, 4-6 (Groundball, 34)
Scott Graves scores
Batting: RHB Kyle McIntyre 0-0: Fly out, F9 (Flyball, 9)
Top of the 1st over - 7 run(s), 5 hit(s), 1 error(s), 1 left on base; Alabama 7 - Penn State 0
BOTTOM OF THE 1ST
Penn State Nittany Lions batting - Pitching for Alabama Crimson Tide : RHP Claude Cunningham
Pitching: RHP Claude Cunningham
Batting: RHB Kip Murphy 0-0: Ball
1-0: Called Strike
1-1: Ball
2-1: Foul Ball, location: 2F
2-2: Foul Ball, location: 2F
2-2: Foul Ball, location: 2F
2-2: Foul Ball, location: 2F
2-2: Fly out, F3 (Popup, 3)
Batting: LHB Bryan Peńa 0-0: Ball
1-0: Called Strike
1-1: Foul Ball, location: 2F
1-2: Ball
2-2: Foul Ball, location: 2F
2-2: Foul Ball, location: 2F
2-2: Ball
3-2: Fly out, F5 (Flyball, 5D)
Batting: LHB Gary Lynn 0-0: Called Strike
0-1: Ground out 6-3 (Groundball, 6M)
Bottom of the 1st over - 0 run(s), 0 hit(s), 0 error(s), 0 left on base; Alabama 7 - Penn State 0
TOP OF THE 2ND
Alabama Crimson Tide batting - Pitching for Penn State Nittany Lions : RHP Jacob Nolan
Batting: SHB Jorge Dávila 0-0: Called Strike
0-1: Swinging Strike
0-2: Strikes out looking
Batting: RHB Stephen Nava 0-0: Ball
1-0: Ball
2-0: Fly out, F4 (Popup, 4)
Batting: SHB Rubén Valle 0-0: Ball
1-0: Ball
2-0: Foul Ball, location: 2F
2-1: Foul Ball, location: 2F
2-2: Foul Ball, location: 2F
2-2: Foul Ball, location: 2F
2-2: Strikes out looking
Top of the 2nd over - 0 run(s), 0 hit(s), 0 error(s), 0 left on base; Alabama 7 - Penn State 0
BOTTOM OF THE 2ND
Penn State Nittany Lions batting - Pitching for Alabama Crimson Tide : RHP Claude Cunningham
Batting: RHB Larry Crawford 0-0: Ball
1-0: Called Strike
1-1: Foul Ball, location: 2F
1-2: Strikes out swinging
Batting: LHB Ángel Santos 0-0: Ball
1-0: Called Strike
1-1: Ball
2-1: Fly out, F8 (Line Drive, 8LS)
Batting: LHB James Macías 0-0: Ball
1-0: Ball
2-0: SOLO HOME RUN (Flyball, 9D), Distance : 360 ft
Batting: RHB José Rodríguez 0-0: Ball
1-0: Ground out 6-3 (Groundball, 6)
Bottom of the 2nd over - 1 run(s), 1 hit(s), 0 error(s), 0 left on base; Alabama 7 - Penn State 1
TOP OF THE 3RD
Alabama Crimson Tide batting - Pitching for Penn State Nittany Lions : RHP Jacob Nolan
Batting: LHB Jorge Rivera 0-0: Swinging Strike
0-1: Ball
1-1: Ball
2-1: Foul Ball, location: 2F
2-2: Ball
3-2: Strikes out looking
Batting: RHB Scott Graves 0-0: Fly out, F8 (Flyball, 8LS)
Batting: LHB Chris White 0-0: Ball
1-0: Ball
2-0: Called Strike
2-1: Ground out 1-3 (Groundball, 15S)
Top of the 3rd over - 0 run(s), 0 hit(s), 0 error(s), 0 left on base; Alabama 7 - Penn State 1
BOTTOM OF THE 3RD
Penn State Nittany Lions batting - Pitching for Alabama Crimson Tide : RHP Claude Cunningham
Batting: RHB Mike Caldwell 0-0: Foul Ball, location: 2F
0-1: Ball
1-1: Ground out 6-3 (Groundball, 6)
Batting: RHB Ron Hale 0-0: Ball
1-0: Ball
2-0: Called Strike
2-1: Swinging Strike
2-2: Strikes out looking
Batting: RHB Kip Murphy 0-0: Called Strike
0-1: Fly out, F8 (Flyball, 8RD)
Bottom of the 3rd over - 0 run(s), 0 hit(s), 0 error(s), 0 left on base; Alabama 7 - Penn State 1
TOP OF THE 4TH
Alabama Crimson Tide batting - Pitching for Penn State Nittany Lions : RHP Jacob Nolan
Batting: LHB Tom York 0-0: Ball
1-0: Ball
2-0: Fly out, F8 (Line Drive, 8RM)
Batting: RHB William Robinson 0-0: Foul Ball, location: 2F
0-1: Swinging Strike
0-2: Ball
1-2: Strikes out swinging
Batting: RHB Kyle McIntyre 0-0: Ball
1-0: Ball
2-0: Swinging Strike
2-1: Foul Ball, location: 2F
2-2: Fly out, F9 (Line Drive, 9LM)
Top of the 4th over - 0 run(s), 0 hit(s), 0 error(s), 0 left on base; Alabama 7 - Penn State 1
BOTTOM OF THE 4TH
Penn State Nittany Lions batting - Pitching for Alabama Crimson Tide : RHP Claude Cunningham
Batting: LHB Bryan Peńa 0-0: Ball
1-0: Ball
2-0: Foul Ball, location: 2F
2-1: Foul Ball, location: 2F
2-2: Ball
3-2: Foul Ball, location: 2F
3-2: Base on Balls
Batting: LHB Gary Lynn 0-0: Ball
1-0: Fly out, F7 (Flyball, 7)
Batting: RHB Larry Crawford 0-0: Ball
1-0: Ball
2-0: Swinging Strike
2-1: SINGLE (Line Drive, 6MD)
Bryan Peńa to second
Runner from 2nd tries for 3rd, SAFE, throw made to third
Batting: LHB Ángel Santos 0-0: Ball
1-0: Ball
2-0: Called Strike
2-1: Ball
3-1: Fielders Choice at 2nd, 1-6 (Groundball, 13)
Batting: LHB James Macías 0-0: Ball
1-0: Ball
2-0: Fielders Choice at 2nd, 4-6 (Groundball, 4)
Bottom of the 4th over - 0 run(s), 1 hit(s), 0 error(s), 1 left on base; Alabama 7 - Penn State 1
TOP OF THE 5TH
Alabama Crimson Tide batting - Pitching for Penn State Nittany Lions : RHP Jacob Nolan
Pitching: LHP Júlio Bustamante
Batting: SHB Jorge Dávila 0-0: Ball
1-0: Ball
2-0: Called Strike
2-1: Foul Ball, location: 2F
2-2: Foul Ball, location: 2F
2-2: Strikes out swinging
Batting: RHB Stephen Nava 0-0: Foul Ball, location: 2F
0-1: Ball
1-1: Foul Ball, location: 2F
1-2: Foul Ball, location: 2F
1-2: Ball
2-2: Ground out 6-3 (Groundball, 56)
Batting: SHB Rubén Valle 0-0: Swinging Strike
0-1: Swinging Strike
0-2: Ball
1-2: Strikes out swinging
Top of the 5th over - 0 run(s), 0 hit(s), 0 error(s), 0 left on base; Alabama 7 - Penn State 1
BOTTOM OF THE 5TH
Penn State Nittany Lions batting - Pitching for Alabama Crimson Tide : RHP Claude Cunningham
Batting: RHB José Rodríguez 0-0: Ball
1-0: Foul Ball, location: 2F
1-1: Called Strike
1-2: Ball
2-2: Ball
3-2: Base on Balls
Batting: RHB Mike Caldwell 0-0: Ball
1-0: DOUBLE (Groundball, 3L)
José Rodríguez to third
Batting: RHB Ron Hale 0-0: Ball
1-0: Ball
2-0: Ball
3-0: Base on Balls
Batting: RHB Kip Murphy 0-0: Ball
1-0: Ball
2-0: Foul Ball, location: 2F
2-1: Grounds into double play, 4-6-3 (Groundball, 4)
José Rodríguez scores
Mike Caldwell to third
Batting: LHB Bryan Peńa 0-0: SINGLE (Line Drive, 4D)
Mike Caldwell scores
Batting: LHB Gary Lynn 0-0: Foul Ball, location: 2F
0-1: Ball
1-1: SINGLE (Groundball, 4MD)
Bryan Peńa to second
Runner from 2nd tries for 3rd, SAFE, throw made to third
Pitching: RHP José Padilla
Batting: RHB Larry Crawford 0-0: Called Strike
0-1: Ball
1-1: Ball
2-1: Ball
3-1: Base on Balls
Gary Lynn to second
Batting: LHB Ángel Santos 0-0: Ball
1-0: Foul Ball, location: 2F
1-1: Ground out 6-3 (Groundball, 6)
Bottom of the 5th over - 2 run(s), 3 hit(s), 0 error(s), 3 left on base; Alabama 7 - Penn State 3
TOP OF THE 6TH
Alabama Crimson Tide batting - Pitching for Penn State Nittany Lions : LHP Júlio Bustamante
Batting: LHB Jorge Rivera 0-0: Called Strike
0-1: Foul Ball, location: 2F
0-2: Strikes out looking
Batting: RHB Scott Graves 0-0: Called Strike
0-1: Ball
1-1: Foul Ball, location: 2F
1-2: Ball
2-2: Ground out 6-3 (Groundball, 6)
Batting: LHB Chris White 0-0: Ball
1-0: Called Strike
1-1: Fly out, F7 (Flyball, 7LS)
Top of the 6th over - 0 run(s), 0 hit(s), 0 error(s), 0 left on base; Alabama 7 - Penn State 3
BOTTOM OF THE 6TH
Penn State Nittany Lions batting - Pitching for Alabama Crimson Tide : RHP José Padilla
Batting: LHB James Macías 0-0: Foul Ball, location: 2F
0-1: Foul Ball, location: 2F
0-2: Strikes out looking
Batting: RHB José Rodríguez 0-0: SINGLE (Flyball, 89S)
Batting: RHB Mike Caldwell 0-0: Called Strike
0-1: Called Strike
José Rodríguez steals 2nd base
0-2: Ground out 4-3 (Groundball, 4)
José Rodríguez to third
Batting: RHB Ron Hale 0-0: Called Strike
0-1: Fly out, F7 (Line Drive, 78M)
Bottom of the 6th over - 0 run(s), 1 hit(s), 0 error(s), 1 left on base; Alabama 7 - Penn State 3
TOP OF THE 7TH
Alabama Crimson Tide batting - Pitching for Penn State Nittany Lions : LHP Júlio Bustamante
Batting: LHB Tom York 0-0: Ball
1-0: Ball
2-0: Fly out, F3 (Line Drive, 3S)
Batting: RHB William Robinson 0-0: Ball
1-0: Ball
2-0: Called Strike
2-1: TRIPLE (Flyball, 89M)
Batting: RHB Kyle McIntyre 0-0: Swinging Strike
0-1: Ball
1-1: Called Strike
1-2: Ground out 1-3 (Groundball, P)
Batting: SHB Jorge Dávila 0-0: Ball
1-0: Foul Ball, location: 2F
1-1: SINGLE (Line Drive, 8RS)
William Robinson scores
Batting: RHB Stephen Nava 0-0: Called Strike
Jorge Dávila steals 2nd base
0-1: Foul Ball, location: 2F
0-2: Ball
1-2: Ball
2-2: SINGLE (Line Drive, 6D)
Jorge Dávila to third
Runner from 3rd tries for Home, SAFE, no throw
Batting: SHB Rubén Valle 0-0: Ball
1-0: Ball
2-0: Foul Ball, location: 2F
2-1: Called Strike
2-2: Strikes out swinging
Top of the 7th over - 2 run(s), 3 hit(s), 0 error(s), 1 left on base; Alabama 9 - Penn State 3
BOTTOM OF THE 7TH
Penn State Nittany Lions batting - Pitching for Alabama Crimson Tide : RHP José Padilla
Batting: RHB Kip Murphy 0-0: Called Strike
0-1: Ball
1-1: Swinging Strike
1-2: Ball
2-2: Strikes out looking
Batting: LHB Bryan Peńa 0-0: Called Strike
0-1: Ball
1-1: Ball
2-1: Ball
3-1: Called Strike
3-2: Foul Ball, location: 2F
3-2: SINGLE (Groundball, 4MD)
Batting: LHB Gary Lynn 0-0: Fly out, F7 (Flyball, 7)
Batting: RHB Larry Crawford 0-0: Called Strike
0-1: Foul Ball, location: 2F
0-2: Ball
1-2: Strikes out swinging
Bottom of the 7th over - 0 run(s), 1 hit(s), 0 error(s), 1 left on base; Alabama 9 - Penn State 3
TOP OF THE 8TH
Alabama Crimson Tide batting - Pitching for Penn State Nittany Lions : LHP Júlio Bustamante
Pitching: LHP Rick Johnson
Batting: LHB Jorge Rivera 0-0: Foul Ball, location: 2F
0-1: Swinging Strike
0-2: Strikes out swinging
Batting: RHB Scott Graves 0-0: SINGLE (Line Drive, 4M)
Batting: LHB Chris White 0-0: Ball
1-0: Swinging Strike
1-1: Foul Ball, location: 2F
1-2: Ball
2-2: Strikes out swinging
Batting: LHB Tom York 0-0: Called Strike
0-1: Ball
1-1: Foul Ball, location: 2F
1-2: SINGLE (Groundball, 2L) (infield hit)
Scott Graves to second
Batting: RHB William Robinson 0-0: Ball
1-0: Called Strike
1-1: Swinging Strike
1-2: Ground out 1-3 (Groundball, 13S)
Top of the 8th over - 0 run(s), 2 hit(s), 0 error(s), 2 left on base; Alabama 9 - Penn State 3
BOTTOM OF THE 8TH
Penn State Nittany Lions batting - Pitching for Alabama Crimson Tide : RHP José Padilla
Now in RF: Jeffrey Hunter
Batting: LHB Ángel Santos 0-0: Foul Ball, location: 2F
0-1: Swinging Strike
0-2: Ball
1-2: Ball
2-2: Ball
3-2: Fly out, F7 (Flyball, 78M)
Batting: LHB James Macías 0-0: Ball
1-0: Called Strike
1-1: Ball
2-1: Foul Ball, location: 2F
2-2: Strikes out swinging
Batting: RHB José Rodríguez 0-0: Foul Ball, location: 2F
0-1: Fly out, F7 (Line Drive, 7)
Bottom of the 8th over - 0 run(s), 0 hit(s), 0 error(s), 0 left on base; Alabama 9 - Penn State 3
TOP OF THE 9TH
Alabama Crimson Tide batting - Pitching for Penn State Nittany Lions : LHP Rick Johnson
Batting: RHB Kyle McIntyre 0-0: Ground out 4-3 (Groundball, 4)
Batting: SHB Jorge Dávila 0-0: Ball
1-0: Ball
2-0: Ball
3-0: Base on Balls
Batting: RHB Stephen Nava 0-0: Called Strike
0-1: Ball
1-1: Ball
2-1: Foul Ball, location: 2F
2-2: Fly out, F6 (Popup, 6)
Batting: SHB Rubén Valle 0-0: Ball
1-0: Ball
2-0: Ball
3-0: Called Strike
3-1: Foul Ball, location: 2F
3-2: Strikes out looking
Top of the 9th over - 0 run(s), 0 hit(s), 0 error(s), 1 left on base; Alabama 9 - Penn State 3
BOTTOM OF THE 9TH
Penn State Nittany Lions batting - Pitching for Alabama Crimson Tide : RHP José Padilla
Now at 1B: Tommy Adams
Batting: RHB Mike Caldwell 0-0: Ball
1-0: Called Strike
1-1: Foul Ball, location: 2F
1-2: Ball
2-2: Ball
3-2: Base on Balls
Batting: RHB Ron Hale 0-0: Ball
1-0: Foul Ball, location: 2F
1-1: Called Strike
1-2: Fly out, F7 (Line Drive, 78M)
Pitching: LHP Tim Bowles
Batting: RHB Kip Murphy 0-0: Ball
1-0: Ball
2-0: Ball
3-0: Called Strike
3-1: Called Strike
Pickoff Throw by Catcher to First - Out!
3-2: Foul Ball, location: 2F
3-2: Strikes out looking
Bottom of the 9th over - 0 run(s), 0 hit(s), 0 error(s), 0 left on base; Alabama 9 - Penn State 3
Thursday, March 30th, 2017 - OOTP Baseball 17.12 Build 75